Map: Eastwatch LE

Players

Elazer - Winner!

  • Race: Zerg Zerg
  • Spawn Location: 7:00

Stats

  • Race: Protoss Protoss
  • League: Master
  • Spawn Location: 1:00

Event: Memes & Dreams Invitational

VOD

Have the link to the VOD?

Description

Time

  • Played on: April 14, 2018, 11:40 p.m.
  • Length: 16:12

All games in this series

Show
View Real Time Build Order
Export as new Build Order

Elazer Zerg - Winner!

Build Orders: Hatch First, Lurkers, Roach Hydra 

Get SALT Encoding   

  12  0:00  Drone  
  13  0:12  Overlord  
  13  0:17  Drone  
  14  0:30  Drone x2  
  14  0:35  Drone  
  17  0:52  Hatchery  
  17  0:54  Drone  
  17  0:58  Drone  
  18  1:08  Extractor  
  17  1:14  Spawning Pool  
  17  1:17  Drone  
  17  1:20  Drone  
  18  1:28  Drone  
  19  1:38  Drone  
  20  1:50  Overlord  
  20  2:01  Queen  
  20  2:03  Zergling x2  
  20  2:04  Queen, Zergling x2  
  26  2:13  Drone, Metabolic Boost  
  26  2:15  Drone  
  28  2:22  Drone  
  29  2:26  Drone  
  30  2:34  Drone  
  30  2:36  Drone  
  32  2:45  Hatchery  
  32  2:49  Queen  
  33  2:53  Overlord  
  33  2:59  Zergling x4  
  33  3:00  Drone  
  36  3:11  Drone  
  36  3:12  Drone  
  38  3:14  Drone x2  
  38  3:17  Overlord  
  39  3:25  Drone x2  
  39  3:32  Drone x2  
  40  3:35  Queen  
  40  3:40  Lair  
  42  3:42  Drone  
  42  3:44  Drone  
  44  3:48  Overlord  
  44  3:57  Extractor, Drone x5  
  48  4:06  Drone x2  
  51  4:10  Drone x3  
  51  4:12  Spore Crawler  
  51  4:14  Spore Crawler  
  51  4:17  Queen  
  53  4:25  Roach Warren  
  53  4:29  Spore Crawler  
  51  4:32  Drone x2  
  51  4:34  Drone x2  
  51  4:36  Extractor  
  51  4:37  Drone  
  55  4:43  Nydus Network  
  55  4:45  Zergling x4  
  56  4:48  Zergling x4  
  56  4:52  Overlord  
  58  4:58  Overlord  
  58  5:09  Overlord  
  58  5:12  Drone x8  
  66  5:22  Glial Reconstitution  
  66  5:23  Drone x5  
  66  5:27  Overlord  
  71  5:30  Extractor  
  71  5:31  Drone, Extractor  
  71  5:32  Drone  
  71  5:35  Drone x2  
  72  5:36  Drone  
  72  5:41  Hydralisk Den  
  72  5:42  Drone x2  
  74  5:45  Roach  
  76  5:50  Overseer  
  76  5:52  Roach x3  
  76  5:56  Roach x2  
  86  6:00  Drone x2  
  86  6:01  Evolution Chamber  
  86  6:02  Drone  
  86  6:03  Drone  
  89  6:05  Overlord  
  89  6:07  Overseer  
  89  6:14  Overlord  
  89  6:19  Overlord  
  89  6:26  Zerg Missile Weapons Level 1  
  89  6:27  Drone x3, Hydralisk  
  89  6:28  Hydralisk x2  
  98  6:33  Overlord  
  98  6:34  Roach  
  98  6:35  Roach  
  98  6:38  Nydus Canal  
  102  6:40  Roach x2  
  102  6:41  Roach x2  
  102  6:42  Ravager x3  
  113  6:52  Hydralisk x2  
  117  7:00  Extractor  
  116  7:02  Drone x3  
  116  7:04  Drone  
  116  7:08  Muscular Augments  
  120  7:09  Drone  
  120  7:11  Lurker Den  
  120  7:12  Hatchery  
  119  7:18  Hydralisk  
  121  7:24  Nydus Canal  
  121  7:26  Overlord x2  
  120  7:34  Overlord  
  120  7:43  Hydralisk x4  
  120  7:44  Hydralisk  
  121  7:47  Overlord x3  
  128  7:54  Hydralisk  
  128  7:55  Hydralisk x3  
  136  8:02  Overlord x2  
  136  8:09  Overlord x2  
  135  8:13  Hydralisk x5  
  135  8:17  Hydralisk, Hatchery  
  135  8:18  Hydralisk  
  135  8:19  Grooved Spines  
  148  8:24  Zergling x10  
  153  8:27  Zerg Missile Weapons Level 2  
  153  8:29  Zergling x4  
  155  8:37  Lurker x2  
  155  8:38  Overlord  
  157  8:43  Zergling x12  
  157  8:45  Lurker  
  164  8:58  Hydralisk x3  
  164  8:59  Hydralisk x2  
  174  9:03  Zergling x8  
  178  9:11  Lurker  
  178  9:12  Lurker  
  180  9:18  Zergling x10  
  180  9:19  Zergling x12  
  180  9:21  Lurker  
  192  9:24  Nydus Canal  
  192  9:27  Zergling x4  
  194  9:34  Lurker  
  194  9:36  Overlord  
  195  9:45  Nydus Canal  
  193  9:46  Roach  
  193  9:47  Roach x2  
  193  9:48  Hydralisk  
  173  10:18  Hydralisk x11  
  162  10:23  Hydralisk  
  162  10:24  Hydralisk  
  162  10:25  Zergling x16  
  156  10:32  Hydralisk x2  
  156  10:33  Hydralisk, Zergling x2  
  147  10:51  Zergling x14  
  154  10:58  Zergling x6  
  154  11:01  Lurker x2  
  154  11:02  Lurker  
  160  11:06  Zergling x6, Lurker  
  160  11:07  Overseer, Zergling x2  
  165  11:11  Extractor  
  165  11:12  Extractor  
  163  11:24  Nydus Canal  
  161  11:31  Hydralisk x6  
  161  11:32  Hatchery  
  166  11:37  Hydralisk  
  135  11:50  Hydralisk x3  
  134  11:54  Drone x3  
  134  11:55  Drone x3  
  134  11:56  Drone x3  
  134  12:00  Hydralisk x2  
  147  12:04  Overseer  
  147  12:10  Hydralisk  
  147  12:11  Zergling x16  
  147  12:15  Zergling x2  
  158  12:21  Zergling x4  
  160  12:23  Zergling x2  
  160  12:37  Drone x2  
  160  12:38  Drone x2  
  160  12:39  Drone x7  
  160  12:41  Zerg Melee Weapons Level 1  
  160  12:42  Lurker x4  
  175  12:44  Lurker  
  175  12:49  Zergling x10  
  181  12:55  Hydralisk x5  
  191  13:05  Nydus Canal  
  169  13:24  Hydralisk x10  
  189  13:33  Hydralisk x4  
  182  13:34  Zergling x16  
  177  13:41  Hydralisk  
  177  13:42  Hydralisk x2  
  177  13:43  Zergling x4  
  179  13:51  Hydralisk x4  
  179  13:53  Zergling x4  
  179  13:55  Lurker  
  190  13:58  Lurker  
  190  13:59  Overseer  
  190  14:01  Zergling x6  
  194  14:05  Hydralisk  
  194  14:06  Hydralisk  
  194  14:09  Zergling x8  
  198  14:12  Zergling x4  
  161  14:24  Hydralisk x5  
  159  14:33  Hydralisk x2  
  159  14:34  Hydralisk x2, Zergling x2  
  163  14:41  Zergling x12  
  163  14:44  Lurker  
  163  14:45  Lurker x2  
  167  14:47  Lurker  
  167  14:48  Lurker  
  169  14:56  Zergling x16  
  172  15:01  Hydralisk x2  
  162  15:12  Hydralisk  
  162  15:13  Hydralisk x4  
  167  15:16  Hydralisk  
  167  15:17  Zergling x2  
  162  15:25  Hydralisk x3  
  162  15:26  Zergling x4  
  151  15:31  Hydralisk  
  151  15:32  Hydralisk, Zergling x2  
  151  15:33  Zergling x2  
  149  15:39  Hydralisk  
  149  15:40  Zergling x8  
  146  15:47  Hydralisk x2, Zergling x2  
  146  15:48  Zergling x2  
  145  15:53  Zergling x2  
  149  15:59  Overseer  
  151  16:06  Lurker x2  
Show
View Real Time Build Order
Export as new Build Order

Stats Protoss 

Build Orders: 1 Gate Expand, Oracle Opening, Phoenix Opening, Archon Immortal, Zealot Archon 

Get SALT Encoding   

  12  0:00  Probe  
  13  0:12  Probe  
  14  0:19  Pylon  
  14  0:25  Probe  
  15  0:37  Probe (Chrono Boost)  
  16  0:44  Gateway  
  16  0:46  Probe (Chrono Boost)  
  16  0:47  Assimilator  
  17  0:52  Probe (Chrono Boost)  
  18  1:04  Probe  
  19  1:16  Probe  
  20  1:26  Nexus  
  20  1:34  Cybernetics Core  
  20  1:37  Probe  
  21  1:46  Assimilator  
  21  1:49  Probe  
  22  1:54  Pylon  
  22  2:01  Probe  
  23  2:10  Adept (Chrono Boost)  
  23  2:13  Probe  
  26  2:20  Stargate  
  26  2:25  Probe  
  26  2:29  Adept (Chrono Boost)  
  27  2:34  Warp Gate  
  29  2:38  Probe (Chrono Boost)  
  29  2:43  Probe (Chrono Boost)  
  31  2:47  Probe (Chrono Boost)  
  31  2:48  Adept (Chrono Boost)  
  35  2:51  Probe (Chrono Boost)  
  35  2:52  Probe (Chrono Boost)  
  36  3:02  Probe  
  36  3:04  Probe, Phoenix (Chrono Boost)  
  40  3:12  Pylon  
  40  3:14  Probe  
  40  3:17  Probe  
  42  3:25  Oracle (Chrono Boost)  
  43  3:31  Probe x2  
  43  3:36  Assimilator  
  43  3:38  Assimilator  
  43  3:43  Probe x2  
  43  3:45  Robotics Facility  
  45  3:55  Probe x2  
  47  4:00  Pylon  
  47  4:03  Twilight Council  
  47  4:07  Probe x2  
  49  4:19  Probe x2  
  49  4:22  Gateway  
  51  4:24  Gateway  
  51  4:25  Gateway  
  51  4:31  Warp Prism (Chrono Boost)  
  53  4:38  Probe  
  53  4:39  Pylon, Zealot  
  53  4:42  Templar Archives  
  56  4:50  Pylon  
  56  4:54  Oracle  
  59  5:00  Immortal (Chrono Boost)  
  59  5:02  Pylon  
  59  5:04  Charge  
  63  5:12  Pylon  
  63  5:20  High Templar x2  
  63  5:21  Zealot x2  
  71  5:28  Pylon  
  71  5:29  Pylon  
  71  5:30  Archon  
  71  5:33  Immortal (Chrono Boost)  
  75  5:43  Zealot x2  
  79  5:54  Sentry x2  
  83  6:01  Nexus  
  83  6:05  Pylon  
  83  6:07  Immortal (Chrono Boost)  
  87  6:16  Forge  
  87  6:24  Gateway  
  87  6:25  Gateway  
  87  6:30  Sentry x2  
  91  6:39  Immortal  
  95  6:55  Protoss Ground Weapons Level 1 (Chrono Boost)  
  95  6:58  Probe x2  
  95  7:00  Gateway  
  97  7:10  Probe  
  97  7:11  Probe  
  97  7:13  Probe  
  100  7:19  Immortal  
  104  7:23  Probe x2  
  106  7:31  Zealot x3  
  106  7:32  Zealot  
  114  7:37  Psionic Storm  
  114  7:38  Zealot x2  
  117  7:50  Probe x3  
  120  7:54  High Templar x4  
  128  7:58  Archon  
  128  7:59  Archon  
  128  8:00  Zealot x2  
  128  8:04  Pylon  
  128  8:05  Pylon  
  132  8:06  Pylon  
  132  8:13  Photon Cannon  
  132  8:14  Probe, Assimilator  
  132  8:17  Assimilator  
  133  8:20  Pylon  
  133  8:22  Probe x2  
  133  8:25  High Templar  
  133  8:26  High Templar  
  139  8:28  Zealot x4  
  139  8:29  Zealot  
  149  8:41  Immortal (Chrono Boost)  
  153  8:46  Probe x3  
  156  8:58  Probe x3  
  159  9:09  High Templar x3  
  165  9:22  Robotics Facility  
  165  9:24  Pylon x2  
  165  9:26  Pylon  
  164  9:34  Pylon  
  164  9:42  Immortal, Pylon  
  168  9:46  Zealot x7  
  163  10:18  Archon x2  
  139  10:21  Observer  
  112  10:30  Observer (Chrono Boost)  
  109  10:42  High Templar x4  
  111  10:43  Observer (Chrono Boost)  
  111  10:45  Gateway  
  111  10:47  Gateway  
  111  10:48  Immortal (Chrono Boost), Gateway  
  110  10:50  Nexus  
  110  10:56  Nexus  
  112  10:57  Immortal (Chrono Boost)  
  116  11:07  Photon Cannon  
  116  11:10  Photon Cannon, Shield Battery  
  116  11:12  Shield Battery  
  116  11:17  Zealot, High Templar  
  120  11:21  Immortal  
  124  11:29  High Templar  
  120  11:33  Immortal  
  112  11:55  High Templar x2  
  112  11:56  Zealot  
  112  11:59  Pylon  
  112  12:01  Immortal  
  122  12:09  Photon Cannon x2  
  122  12:12  Immortal, Assimilator, Nexus  
  122  12:15  Observer  
  126  12:21  Zealot x3, High Templar  
  134  12:41  Zealot, High Templar x2  
  134  12:42  Photon Cannon, Zealot x3  
  154  12:58  Immortal x2  
  154  13:05  Probe x3  
  157  13:09  Zealot  
  157  13:10  Zealot x2  
  157  13:21  Zealot x3  
  149  13:34  Zealot x4  
  143  13:43  Zealot x3  
  143  13:46  Immortal (Chrono Boost), Observer  
  138  13:50  Observer (Chrono Boost)  
  142  13:58  Probe x4  
  143  14:10  Zealot x2, High Templar x4  
  143  14:11  Zealot  
  133  14:20  Archon  
  111  14:26  Archon  
  111  14:30  Zealot  
  111  14:31  Zealot x2  
  107  14:38  Shield Battery  
  101  14:39  Shield Battery  
  101  14:40  Photon Cannon  
  101  14:41  Immortal (Chrono Boost)  
  101  14:42  High Templar x3  
  101  14:43  High Templar  
  101  14:44  Immortal (Chrono Boost)  
  111  14:49  Probe  
  111  14:50  Probe x3  
  119  15:01  Zealot x2  
  119  15:02  Zealot  
  105  15:17  High Templar x3  
  105  15:18  High Templar  
  105  15:20  Immortal (Chrono Boost)  
  113  15:24  Archon x2  
  113  15:25  Archon  
  99  15:28  Archon  
  99  15:30  Zealot x3  
  61  15:50  Zealot  
  61  15:51  Zealot x6  
  78  16:01  Assimilator  
  78  16:04  Assimilator  
Tags
 
Add a new tag
Caveats
  • Supply blocks, unpowered buildings, or Contaminate may cause inaccurate times.
  • Supply counts are checked every 10 seconds.